MWL (24 & UNDER)
MINNESOTA DEATH STARS @ BARRY'S BAY ORIOLES
06/15/2025
 
TOP OF THE 1ST
Minnesota Death Stars batting - Pitching for Barry's Bay Orioles : RHP Augusto Ruíz
Pitching: RHP Augusto Ruíz
Batting: RHB José Pérez 0-0: Called Strike
0-1: Ground out 6-3 (Groundball, 6M)
Batting: RHB Manny Clemente 0-0: Called Strike
0-1: Ball
1-1: SOLO HOME RUN (Flyball, 7LD), Distance : 336 ft
Batting: LHB Chris Loudermilk 0-0: Ball
1-0: Ball
2-0: Ball
3-0: Called Strike
3-1: Ground out 3-1 (Groundball, 34S)
Batting: RHB John Brown 0-0: Called Strike
0-1: Ball
1-1: Foul Ball, location: 2F
1-2: Strikes out swinging
Top of the 1st over - 1 run(s), 1 hit(s), 0 error(s), 0 left on base; Minnesota 1 - Barry's Bay 0
BOTTOM OF THE 1ST
Barry's Bay Orioles batting - Pitching for Minnesota Death Stars : RHP Howard Jewel
Pitching: RHP Howard Jewel
Batting: RHB Jeremy Flemming 0-0: Ball
1-0: Ball
2-0: Foul Ball, location: 2F
2-1: SINGLE (Line Drive, 8LS)
Batting: RHB Pedro Molina 0-0: Called Strike
Throwing error on steal attempt, E2
Jeremy Flemming to third
0-1: Ball
1-1: Ball
2-1: Called Strike
2-2: Ball
3-2: Fly out, F8 (Flyball, 8LM)
Runner from 3rd tags up, SCORES, no throw
Batting: RHB Manny Perea 0-0: Ball
1-0: Foul Ball, location: 2F
1-1: Ball
2-1: Swinging Strike
2-2: Foul Ball, location: 2F
2-2: Ball
3-2: Base on Balls
Batting: LHB Daniel Carter 0-0: Ball
1-0: Ball
2-0: Ball
3-0: Base on Balls
Manny Perea to second
Batting: RHB Vincent Braun 0-0: SINGLE (Groundball, 34)
Manny Perea to third
Daniel Carter to second
Runner from 3rd tries for Home, SAFE, throw made home
Daniel Carter to third
Vincent Braun to second
Batting: RHB Brian Parks 0-0: Fly out, F8 (Flyball, 8RM)
Runner from 3rd tags up, SCORES, no throw
Batting: SHB Walt Simmons 0-0: Called Strike
0-1: Ball
1-1: Ball
2-1: Fly out, F9 (Flyball, 9LM)
Bottom of the 1st over - 3 run(s), 2 hit(s), 1 error(s), 1 left on base; Minnesota 1 - Barry's Bay 3
TOP OF THE 2ND
Minnesota Death Stars batting - Pitching for Barry's Bay Orioles : RHP Augusto Ruíz
Batting: LHB Zack Payton 0-0: Swinging Strike
0-1: Swinging Strike
0-2: Strikes out swinging
Batting: RHB Peter Dixon 0-0: Swinging Strike
0-1: Foul Ball, location: 2F
0-2: Strikes out swinging
Batting: RHB Gabriel Ángel 0-0: Ball
1-0: Ball
2-0: Foul Ball, location: 2F
2-1: SINGLE (Line Drive, 4M)
Batting: RHB Donato Gozende 0-0: Called Strike
0-1: Called Strike
0-2: Ball
1-2: Strikes out looking
Top of the 2nd over - 0 run(s), 1 hit(s), 0 error(s), 1 left on base; Minnesota 1 - Barry's Bay 3
BOTTOM OF THE 2ND
Barry's Bay Orioles batting - Pitching for Minnesota Death Stars : RHP Howard Jewel
Batting: RHB Jesús Villalobos 0-0: Ball
1-0: Called Strike
1-1: Ball
2-1: Foul Ball, location: 2F
2-2: Foul Ball, location: 2F
2-2: Foul Ball, location: 2F
2-2: Ground out 5-3 (Groundball, 56)
Batting: RHB Jesús Castillo 0-0: Ball
1-0: Fly out, F8 (Flyball, 8LM)
Batting: RHB Jeremy Flemming 0-0: Ball
1-0: Ball
2-0: Ball
3-0: Base on Balls
Batting: RHB Pedro Molina 0-0: Called Strike
0-1: Ball
1-1: Foul Ball, location: 2F
1-2: Ball
2-2: SINGLE (Popup, 6D)
Jeremy Flemming to second
Batting: RHB Manny Perea 0-0: Fielders Choice at 2nd, U6 (Groundball, 6M)
Bottom of the 2nd over - 0 run(s), 1 hit(s), 0 error(s), 2 left on base; Minnesota 1 - Barry's Bay 3
TOP OF THE 3RD
Minnesota Death Stars batting - Pitching for Barry's Bay Orioles : RHP Augusto Ruíz
Batting: RHB Gilberto Tovar 0-0: Fly out, F4 (Flyball, 8RS)
Batting: RHB José Pérez 0-0: Called Strike
0-1: Ground out 3-1 (Groundball, 34)
Batting: RHB Manny Clemente 0-0: Ball
1-0: Ground out 5-3 (Groundball, 5S)
Top of the 3rd over - 0 run(s), 0 hit(s), 0 error(s), 0 left on base; Minnesota 1 - Barry's Bay 3
BOTTOM OF THE 3RD
Barry's Bay Orioles batting - Pitching for Minnesota Death Stars : RHP Howard Jewel
Batting: LHB Daniel Carter 0-0: Ball
1-0: Ball
2-0: Foul Ball, location: 2F
2-1: Foul Ball, location: 2F
2-2: Foul Ball, location: 2F
2-2: Ball
3-2: Base on Balls
Batting: RHB Vincent Braun 0-0: SINGLE (Groundball, 4MD)
Daniel Carter to second
Batting: RHB Brian Parks 0-0: Ball
1-0: Ball
2-0: SINGLE (Groundball, 6M)
Daniel Carter to third
Vincent Braun to second
Runner from 3rd tries for Home, SAFE, no throw or cutoff
Batting: SHB Walt Simmons 0-0: Called Strike
0-1: Foul Ball, location: 2F
0-2: Strikes out looking
Batting: RHB Jesús Villalobos 0-0: Ball
1-0: Ball
2-0: Foul Ball, location: 2F
2-1: Ball
3-1: Base on Balls
Vincent Braun to third
Brian Parks to second
Batting: RHB Jesús Castillo 0-0: Ball
1-0: Ball
2-0: Called Strike
2-1: GRAND SLAM HOME RUN (Flyball, 7D), Distance : 338 ft
Batting: RHB Jeremy Flemming 0-0: Swinging Strike
0-1: Swinging Strike
0-2: Ball
1-2: Foul Ball, location: 2F
1-2: Ball
2-2: Strikes out looking
Batting: RHB Pedro Molina 0-0: Called Strike
0-1: Swinging Strike
0-2: Foul Ball, location: 2F
0-2: Hit by Pitch
Batting: RHB Manny Perea 0-0: Ball
Passed Ball!
Pedro Molina to second
1-0: Called Strike
1-1: Ball
2-1: Ground out 6-3 (Groundball, 6)
Bottom of the 3rd over - 5 run(s), 3 hit(s), 0 error(s), 1 left on base; Minnesota 1 - Barry's Bay 8
TOP OF THE 4TH
Minnesota Death Stars batting - Pitching for Barry's Bay Orioles : RHP Augusto Ruíz
Batting: LHB Chris Loudermilk 0-0: Ball
1-0: Ball
2-0: Ball
3-0: Base on Balls
Batting: RHB John Brown 0-0: Ball
1-0: Ball
2-0: Ball
3-0: Called Strike
3-1: Base on Balls
Chris Loudermilk to second
Batting: LHB Zack Payton 0-0: Ball
1-0: Fly out, F7 (Flyball, 78D)
Batting: RHB Peter Dixon 0-0: Called Strike
0-1: Ball
1-1: Swinging Strike
1-2: Hit by Pitch
Chris Loudermilk to third
John Brown to second
Batting: RHB Gabriel Ángel 0-0: Foul Ball, location: 2F
0-1: Ball
1-1: Ball
2-1: Grounds into fielders choice 1-2 (Groundball, 15)
John Brown to third
Peter Dixon to second
Batting: RHB Donato Gozende 0-0: Ball
1-0: Called Strike
1-1: Foul Ball, location: 2F
1-2: Strikes out looking
Top of the 4th over - 0 run(s), 0 hit(s), 0 error(s), 3 left on base; Minnesota 1 - Barry's Bay 8
BOTTOM OF THE 4TH
Barry's Bay Orioles batting - Pitching for Minnesota Death Stars : RHP Howard Jewel
Pitching: RHP Dylan Versluis
Batting: LHB Daniel Carter 0-0: Ball
1-0: Ball
2-0: Ball
3-0: Base on Balls
Batting: RHB Vincent Braun 0-0: Ball
1-0: Ball
2-0: Called Strike
2-1: Called Strike
2-2: Ball
3-2: Base on Balls
Daniel Carter to second
Batting: RHB Brian Parks 0-0: SINGLE (Groundball, 56D)
Daniel Carter to third
Vincent Braun to second
Batting: SHB Walt Simmons 0-0: Foul Ball, location: 2F
0-1: Ball
1-1: Fly out, F7 (Line Drive, 78D)
Runner from 3rd tags up, SCORES, no throw
Batting: RHB Jesús Villalobos 0-0: Called Strike
0-1: Ball
1-1: Ball
2-1: Hit by Pitch
Vincent Braun to third
Brian Parks to second
Batting: RHB Jesús Castillo 0-0: Ball
1-0: Ball
2-0: Called Strike
2-1: Foul Ball, location: 2F
2-2: Ball
3-2: Base on Balls
Vincent Braun scores
Brian Parks to third
Jesús Villalobos to second
Batting: RHB Jeremy Flemming 0-0: Swinging Strike
0-1: Ball
1-1: Ball
2-1: Foul Ball, location: 2F
2-2: Foul Ball, location: 2F
2-2: Strikes out swinging
Batting: RHB Pedro Molina 0-0: Ground out 4-3 (Groundball, 4)
Bottom of the 4th over - 2 run(s), 1 hit(s), 0 error(s), 3 left on base; Minnesota 1 - Barry's Bay 10
TOP OF THE 5TH
Minnesota Death Stars batting - Pitching for Barry's Bay Orioles : RHP Augusto Ruíz
Batting: RHB Gilberto Tovar 0-0: Hit by Pitch
Batting: RHB José Pérez 0-0: Swinging Strike
0-1: Ball
1-1: Foul Ball, location: 2F
1-2: Ball
2-2: Fly out, F2 (Popup, 2LF)
Batting: RHB Manny Clemente 0-0: Foul Ball, location: 2F
0-1: Foul Ball, location: 2F
0-2: Fly out, F7 (Flyball, 7D)
Batting: LHB Chris Loudermilk 0-0: Ball
1-0: Ball
2-0: SINGLE (Groundball, 6M)
Gilberto Tovar to second
Batting: RHB John Brown 0-0: Foul Ball, location: 2F
0-1: Ball
1-1: Foul Ball, location: 2F
1-2: Foul Ball, location: 2F
1-2: Foul Ball, location: 2F
1-2: Strikes out swinging
Top of the 5th over - 0 run(s), 1 hit(s), 0 error(s), 2 left on base; Minnesota 1 - Barry's Bay 10
BOTTOM OF THE 5TH
Barry's Bay Orioles batting - Pitching for Minnesota Death Stars : RHP Dylan Versluis
Batting: RHB Manny Perea 0-0: Called Strike
0-1: Ball
1-1: Foul Ball, location: 2F
1-2: Ball
2-2: Ball
3-2: Foul Ball, location: 2F
3-2: SINGLE (Groundball, 56D)
Batting: LHB Daniel Carter 0-0: Called Strike
0-1: Ball
1-1: Called Strike
1-2: Strikes out swinging
Batting: RHB Vincent Braun 0-0: Called Strike
0-1: 2-RUN HOME RUN (Flyball, 7LD), Distance : 337 ft
Pitching: RHP Octávio López
Batting: RHB Brian Parks 0-0: Called Strike
0-1: Foul Ball, location: 2F
0-2: Ball
1-2: SINGLE (Line Drive, 56)
Batting: SHB Walt Simmons 0-0: Ball
1-0: Called Strike
Brian Parks steals 2nd base
1-1: Fly out, F3 (Popup, 23)
Batting: RHB Jesús Villalobos 0-0: TRIPLE (Line Drive, 9LM)
Brian Parks scores
Batting: RHB Jesús Castillo 0-0: Foul Ball, location: 2F
0-1: Ball
1-1: Ball
2-1: Ball
3-1: Base on Balls
Batting: RHB Jeremy Flemming 0-0: SINGLE (Line Drive, 7S)
Jesús Villalobos scores
Jesús Castillo to second
Batting: RHB Pedro Molina 0-0: Ball
1-0: Ball
2-0: Ball
3-0: Called Strike
3-1: Base on Balls
Jesús Castillo to third
Jeremy Flemming to second
Batting: RHB Manny Perea 0-0: Ball
1-0: SINGLE (Groundball, 6D)
Jesús Castillo scores
Jeremy Flemming to third
Pedro Molina to second
Runner from 3rd tries for Home, SAFE, no throw or cutoff
Pitching: RHP Joe Hopkins
Batting: LHB Daniel Carter 0-0: Ball
1-0: Called Strike
1-1: Ball
2-1: Swinging Strike
2-2: Ball
3-2: Strikes out swinging
Bottom of the 5th over - 6 run(s), 6 hit(s), 0 error(s), 2 left on base; Minnesota 1 - Barry's Bay 16
TOP OF THE 6TH
Minnesota Death Stars batting - Pitching for Barry's Bay Orioles : RHP Augusto Ruíz
Batting: LHB Zack Payton 0-0: Ball
1-0: Ball
2-0: Ball
3-0: Called Strike
3-1: Called Strike
3-2: SOLO HOME RUN (Flyball, 9LD), Distance : 309 ft
Batting: RHB Peter Dixon 0-0: Called Strike
0-1: Fly out, F4 (Popup, 4MD)
Batting: RHB Gabriel Ángel 0-0: Swinging Strike
0-1: Fly out, F9 (Flyball, 9M)
Batting: RHB Donato Gozende 0-0: Foul Ball, location: 2F
0-1: Ball
1-1: Foul Ball, location: 2F
1-2: Strikes out swinging
Top of the 6th over - 1 run(s), 1 hit(s), 0 error(s), 0 left on base; Minnesota 2 - Barry's Bay 16
BOTTOM OF THE 6TH
Barry's Bay Orioles batting - Pitching for Minnesota Death Stars : RHP Joe Hopkins
Batting: RHB Vincent Braun 0-0: Ball
1-0: Foul Ball, location: 2F
1-1: Ball
2-1: Foul Ball, location: 2F
2-2: Ball
3-2: DOUBLE (Flyball, 89XD)
Pinch Hitting: RHB Sergio Solíz 0-0: Foul Ball, location: 2F
0-1: Foul Ball, location: 2F
0-2: Strikes out swinging
Batting: SHB Walt Simmons 0-0: Called Strike
0-1: Ball
Wild Pitch!
Vincent Braun to third
1-1: Ball
2-1: Ball
3-1: Swinging Strike
3-2: Strikes out swinging
Batting: RHB Jesús Villalobos 0-0: Ball
1-0: Foul Ball, location: 2F
Single, Error in OF, E7, batter to second base
Vincent Braun scores
Batting: RHB Jesús Castillo 0-0: Ball
1-0: Ball
2-0: Ball
3-0: Base on Balls
Batting: RHB Jeremy Flemming 0-0: Called Strike
0-1: Ball
1-1: Called Strike
1-2: Strikes out swinging
Bottom of the 6th over - 1 run(s), 2 hit(s), 1 error(s), 2 left on base; Minnesota 2 - Barry's Bay 17
TOP OF THE 7TH
Minnesota Death Stars batting - Pitching for Barry's Bay Orioles : RHP Augusto Ruíz
Pitching: LHP Juan Torres
Now at 2B: Sergio Solíz
Batting: RHB Gilberto Tovar 0-0: Foul Ball, location: 2F
0-1: Foul Ball, location: 2F
0-2: Ball
1-2: Ball
2-2: Ball
3-2: Foul Ball, location: 2F
3-2: Base on Balls
Batting: RHB José Pérez 0-0: SINGLE (Flyball, 8RS)
Gilberto Tovar to second
Batting: RHB Manny Clemente 0-0: Called Strike
0-1: Swinging Strike
0-2: Ball
1-2: SINGLE (Line Drive, 6D)
Gilberto Tovar to third
José Pérez to second
Batting: LHB Chris Loudermilk 0-0: Foul Ball, location: 2F
0-1: Called Strike
0-2: Foul Ball, location: 2F
0-2: Strikes out looking
Batting: RHB John Brown 0-0: Swinging Strike
0-1: Ball
1-1: Swinging Strike
1-2: SINGLE (Line Drive, 6M)
Gilberto Tovar scores
José Pérez to third
Manny Clemente to second
Batting: LHB Zack Payton 0-0: Called Strike
0-1: SINGLE (Line Drive, 6MD)
José Pérez scores
Manny Clemente to third
John Brown to second
Runner from 3rd tries for Home, SAFE, throw made at trailing runner, OUT at third!
Batting: RHB Peter Dixon 0-0: Ball
1-0: Ball
2-0: Called Strike
2-1: Foul Ball, location: 2F
2-2: Fly out, F9 (Popup, 9S)
Top of the 7th over - 3 run(s), 4 hit(s), 0 error(s), 1 left on base; Minnesota 5 - Barry's Bay 17
BOTTOM OF THE 7TH
Barry's Bay Orioles batting - Pitching for Minnesota Death Stars : RHP Jeremias Pereirinha
Pitching: RHP Jeremias Pereirinha
Batting: RHB Pedro Molina 0-0: Called Strike
0-1: Ball
1-1: Ball
2-1: DOUBLE (Flyball, 89D)
Batting: RHB Manny Perea 0-0: Ball
1-0: Ball
2-0: Called Strike
2-1: Swinging Strike
2-2: Foul Ball, location: 2F
2-2: Ground out 6-3 (Groundball, 6)
Batting: LHB Daniel Carter 0-0: Ball
1-0: Ball
2-0: Ball
3-0: Called Strike
3-1: SINGLE (Groundball, 34S) (infield hit)
Pedro Molina to third
Pinch Hitting: RHB Tom Hughes 0-0: Called Strike
0-1: Ball
1-1: Called Strike
1-2: Fly out, F8 (Flyball, 8LXD)
Runner from 3rd tags up, SCORES, no throw
Batting: RHB Sergio Solíz 0-0: Called Strike
Daniel Carter is caught stealing 2nd base
Bottom of the 7th over - 1 run(s), 2 hit(s), 0 error(s), 0 left on base; Minnesota 5 - Barry's Bay 18
TOP OF THE 8TH
Minnesota Death Stars batting - Pitching for Barry's Bay Orioles : LHP Juan Torres
Now at 1B: António Martínez
Batting: RHB Gabriel Ángel 0-0: Fly out, F8 (Flyball, 78M)
Pinch Hitting: SHB Giancarlo Giannini 0-0: DOUBLE (Flyball, 8LD)
Batting: RHB Gilberto Tovar 0-0: SINGLE (Groundball, 6M)
Giancarlo Giannini to third
Runner from 3rd tries for Home, SAFE, no throw or cutoff
Batting: RHB José Pérez 0-0: Ball
1-0: Ball
2-0: Ball
3-0: Foul Ball, location: 2F
3-1: Base on Balls
Gilberto Tovar to second
Batting: RHB Manny Clemente 0-0: Called Strike
0-1: Ball
1-1: Foul Ball, location: 2F
1-2: SINGLE (Line Drive, 8LS)
Gilberto Tovar to third
José Pérez to second
Runner from 3rd tries for Home, SAFE, throw made home
José Pérez to third
Manny Clemente to second
Pitching: RHP Ben Hepworth
Batting: LHB Chris Loudermilk 0-0: Ball
1-0: Ball
2-0: Ball
3-0: Base on Balls
Batting: RHB John Brown 0-0: Ball
1-0: Foul Ball, location: 2F
1-1: Ball
2-1: Ball
3-1: Swinging Strike
3-2: Base on Balls
José Pérez scores
Manny Clemente to third
Chris Loudermilk to second
Batting: LHB Zack Payton 0-0: Ball
1-0: Foul Ball, location: 2F
1-1: Ball
2-1: Fly out, F8 (Flyball, 8LM)
Runner from 3rd tags up, SCORES, no throw
Batting: RHB Peter Dixon 0-0: Ball
1-0: Ball
2-0: Foul Ball, location: 2F
2-1: Ground out 6-3 (Groundball, 6)
Top of the 8th over - 4 run(s), 3 hit(s), 0 error(s), 2 left on base; Minnesota 9 - Barry's Bay 18
BOTTOM OF THE 8TH
Barry's Bay Orioles batting - Pitching for Minnesota Death Stars : RHP Jeremias Pereirinha
Now in RF: Bryan MacGuffie
Batting: RHB Sergio Solíz 0-0: Swinging Strike
0-1: Called Strike
0-2: Ball
1-2: Strikes out swinging
Batting: SHB Walt Simmons 0-0: Ball
1-0: Called Strike
1-1: Called Strike
1-2: Ball
2-2: Strikes out swinging
Batting: RHB Jesús Villalobos 0-0: Called Strike
0-1: Foul Ball, location: 2F
0-2: Strikes out swinging
Bottom of the 8th over - 0 run(s), 0 hit(s), 0 error(s), 0 left on base; Minnesota 9 - Barry's Bay 18
TOP OF THE 9TH
Minnesota Death Stars batting - Pitching for Barry's Bay Orioles : RHP Ben Hepworth
Batting: RHB Gabriel Ángel 0-0: Ball
1-0: Ball
2-0: Ball
3-0: Called Strike
3-1: SINGLE (Groundball, 34D)
Batting: RHB Bryan MacGuffie 0-0: Ball
1-0: Called Strike
1-1: Swinging Strike
1-2: Foul Ball, location: 2F
1-2: Strikes out swinging
Batting: RHB Gilberto Tovar 0-0: Ball
1-0: Swinging Strike
1-1: Ball
2-1: Called Strike
2-2: Foul Ball, location: 2F
2-2: SINGLE (Groundball, 56D)
Gabriel Ángel to second
Batting: RHB José Pérez 0-0: Called Strike
0-1: Ball
1-1: Ball
2-1: Ball
3-1: Called Strike
3-2: Strikes out looking
Batting: RHB Manny Clemente 0-0: SINGLE (Groundball, 34D)
Gabriel Ángel to third
Gilberto Tovar to second
Runner from 3rd tries for Home, SAFE, throw made home
Gilberto Tovar to third
Manny Clemente to second
Batting: LHB Chris Loudermilk 0-0: Ball
1-0: SINGLE (Line Drive, 8RS)
Gilberto Tovar scores
Manny Clemente to third
Runner from 3rd tries for Home, SAFE, no throw or cutoff
Batting: RHB John Brown 0-0: Foul Ball, location: 2F
0-1: Ball
1-1: Ball
2-1: Foul Ball, location: 2F
2-2: SINGLE (Groundball, 5L)
Chris Loudermilk to second
Batting: LHB Zack Payton 0-0: TRIPLE (Flyball, 7LM)
Chris Loudermilk scores
John Brown scores
Pitching: RHP Artie Hall
Batting: RHB Peter Dixon 0-0: Ball
1-0: Foul Ball, location: 2F
1-1: Foul Ball, location: 2F
1-2: Ball
2-2: Fly out, F5 (Popup, 5F)
Top of the 9th over - 5 run(s), 6 hit(s), 0 error(s), 1 left on base; Minnesota 14 - Barry's Bay 18
This league is powered by Out of the Park Baseball, the baseball management simulation game for PC, Mac and Linux
Tuesday, August 2nd, 2016 - OOTP Baseball 16.8 Build 38